 Dungeon Crawl Stone Soup version 0.30.0-10-gfe55d96785 (webtiles) character file.

Game seed: 8403213161360197606

20138 Mahakala the Geomancer (level 12, 0/101 HPs)
             Began as a Grey Draconian Earth Elementalist on May 14, 2023.
             Was a Priest of Vehumet.
             Slain by a stone giant (29 damage)
             ... in a volcano.
             The game lasted 01:02:24 (12344 turns).

Mahakala the Geomancer (DrEE)                      Turns: 12344, Time: 01:02:24

Health: 0/101      AC: 20    Str: 11    XL:     12   Next: 42%
Magic:  10/24      EV: 14    Int: 20    God:    Vehumet [***...]
Gold:   636        SH:  0    Dex: 12    Spells: 7/27 levels left

rFire   . . .        a - staff of earth
rCold   + + .        (no shield)
rNeg    . . .        (body armour unavailable)
rPois   .            (helmet restricted)
rElec   +            o - +0 cloak
rCorr   .            Q - +1 pair of gloves
SInv    +            N - +3 pair of boots of Xiyrayl {rElec rC+ SInv}
Will    +....        (no amulet)
Stlth   ++           l - ring of willpower
HPRegen 0.36/turn    G - ring of protection from cold
MPRegen 0.19/turn

%: no passive effects
@: no status effects
A: AC +13, amphibious, unfitting armour, cold-blooded
a: Renounce Religion


You were in a volcano.
You worshipped Vehumet.
Vehumet was most pleased with you.
You visited 3 branches of the dungeon, and saw 13 of its levels.
You also visited: Sewer and Volcano.

You collected 672 gold pieces.
You spent 36 gold pieces at shops.

Inventory:

Hand Weapons
 b - a +0 dagger
 K - the +6 whip "ETAOIN SHRDLU" {freeze, *Slow rElec rN++ Will+}
   (You found it on level 7 of the Dungeon)

   rElec:     It insulates you from electricity.
   rN:        It greatly protects you from negative energy.
   *Slow:     It may slow you when you take damage.
   Will:      It increases your willpower.
Missiles
 r - 3 throwing nets {!f}
 y - 22 poisoned darts
 O - 2 curare-tipped darts {!f}
Armour
 o - a +0 cloak (worn)
 N - the +3 pair of boots of Xiyrayl (worn) {rElec rC+ SInv}
   (You found it on level 8 of the Dungeon)

   rC:        It protects you from cold.
   rElec:     It insulates you from electricity.
   SInv:      It lets you see invisible.
 Q - a +1 pair of gloves (worn)
Magical Staves
 a - a staff of earth (weapon)
Jewellery
 h - a +6 ring of dexterity
 k - a +4 ring of protection
 l - a ring of willpower (left hand)
 m - an amulet of guardian spirit
 G - a ring of protection from cold (right hand)
 J - a ring of resist corrosion
Wands
 c - a wand of mindburst (7)
 t - a wand of flame (9)
 x - a wand of quicksilver (9)
Scrolls
 e - 2 scrolls of blinking
 i - a scroll of brand weapon {unknown}
 j - a scroll of fear
 n - a scroll of magic mapping
 u - a scroll of butterflies
 v - 6 scrolls of vulnerability {!r}
 z - a scroll of silence {unknown}
 E - a scroll of amnesia
 F - a scroll of immolation {unknown}
 H - a scroll of fog
 M - a scroll of enchant weapon {unknown}
 R - 3 scrolls of teleportation {@r4}
Potions
 f - 2 potions of heal wounds {@q2}
 g - a potion of might {unknown}
 p - 4 potions of haste {@q3}
 q - 2 potions of brilliance
 s - 2 potions of flight
 w - 2 potions of resistance
 A - 2 potions of ambrosia
 C - 7 potions of curing {@q1}
 I - 2 potions of attraction {unknown}
 P - 2 potions of berserk rage


   Skills:
 - Level 8.0 Fighting
 + Level 9.8 Staves
 - Level 6.0 Dodging
 - Level 4.0 Stealth
 - Level 8.0 Spellcasting
 - Level 5.0 Conjurations
 + Level 5.7 Transmutations
 - Level 12.0 Earth Magic
 - Level 4.0 Evocations


You had 7 spell levels left.
You knew the following spells:

 Your Spells              Type           Power      Damage    Failure   Level
a - Sandblast             Erth           100%       2d20      1%          1
b - Passwall              Tmut/Erth      50%        N/A       1%          2
c - Stone Arrow           Conj/Erth      100%       3d13      1%          3
d - Lee's Rapid Deconstr  Erth           35%        3d18*     1%          5
e - Petrify               Tmut/Erth      60%        N/A       2%          4
f - Irradiate             Conj/Tmut      14%        3d16      7%          5

Your spell library contained the following spells:

 Spells                   Type           Power      Damage    Failure   Level
 Ignite Poison            Fire/Tmut/Pois 15%        N/A       3%          3
 Scorch                   Fire           16%        2d5       3%          2
 Volatile Blastmotes      Fire/Tloc      16%        2d11      7%          3
 Flame Wave               Conj/Fire      18%        2d7       9%          4
 Fulminant Prism          Conj/Hex       9%         3d7       9%          4
 Iskenderun's Mystic Bla  Conj/Tloc      18%        2d6       9%          4
 Sublimation of Blood     Necr           8%         N/A       13%         2
 Blade Hands              Tmut           15%        N/A       22%         5
 Portal Projectile        Hex/Tloc       16%        N/A       26%         3
 Tukima's Dance           Hex            8%         N/A       26%         3
 Summon Cactus Giant      Summ           4%         N/A       100%        6
 Borgnjor's Revivificati  Necr           4%         N/A       100%        8
 Necromutation            Tmut/Necr      9%         N/A       100%        8
 Death's Door             Necr           4%         N/A       100%        9


Dungeon Overview and Level Annotations

Branches:
Dungeon (9/15)             Temple (1/1) D:6            Lair (3/5) D:9
    Orc (0/2) D:9           Sewer (visited)         Volcano (1/1)
  Swamp: Lair:2-3    Shoals: Lair:2-3     Snake: Lair:2-3    Spider: Lair:2-3

Altars:
Ashenzari
Cheibriados
Dithmenos
Elyvilon
Fedhas
Gozag
Hepliaklqana
Kikubaaqudgha
Makhleb
Nemelex Xobeh
Okawaru
Qazlal
Ru
Sif Muna
Trog
Uskayaw
Vehumet
Wu Jian
Xom
Yredelemnul
Zin
The Shining One

Shops:
D:4 *   D:7 =   D:8 [

Annotations:
D:5 Dowan, Duvessa
D:8 1 runed translucent door


Innate Abilities, Weirdness & Mutations

Your dull iron-grey scales are very hard. (AC +13)
You are amphibious.
You cannot fit into any form of body armour.
You are cold-blooded and may be slowed by cold attacks.


Message History

Aiming: Stone Arrow (safe; 1% risk of failure)
Press: ? - help, Shift-Dir - straight line, f - stone giant
Aim: a stone giant, quivering large rocks (lightly wounded, 100% to hit)
You feel a surge of power!
The stone arrow hits the stone giant!
The stone giant is moderately wounded.
The stone giant hits you but does no damage.
Casting: Stone Arrow (safe; 1% risk of failure)
Confirm with . or Enter, or press ? or * to list all spells.
Aiming: Stone Arrow (safe; 1% risk of failure)
Press: ? - help, Shift-Dir - straight line, f/p - stone giant
Aim: a stone giant, quivering large rocks (moderately wounded, 100% to hit)
You feel a surge of power!
The stone arrow hits the stone giant.
The stone giant is moderately wounded.
The stone giant misses you.
Casting: Stone Arrow (safe; 1% risk of failure)
Confirm with . or Enter, or press ? or * to list all spells.
Aiming: Stone Arrow (safe; 1% risk of failure)
Press: ? - help, Shift-Dir - straight line, f/p - stone giant
Aim: a stone giant, quivering large rocks (moderately wounded, 100% to hit)
You feel a surge of power!
The stone arrow hits the stone giant!!
The stone giant is severely wounded.
The stone giant hits you!!
* * * LOW HITPOINT WARNING * * *
Casting: Stone Arrow (safe; 1% risk of failure)
Confirm with . or Enter, or press ? or * to list all spells.
Aiming: Stone Arrow (safe; 1% risk of failure)
Press: ? - help, Shift-Dir - straight line, f/p - stone giant
Aim: a stone giant, quivering large rocks (severely wounded, 100% to hit)
You feel a surge of power!
The stone arrow hits the stone giant.
The stone giant is severely wounded.
The stone giant barely misses you.
Casting: Stone Arrow (safe; 1% risk of failure)
Confirm with . or Enter, or press ? or * to list all spells.
Aiming: Stone Arrow (safe; 1% risk of failure)
Press: ? - help, Shift-Dir - straight line, f/p - stone giant
Aim: a stone giant, quivering large rocks (severely wounded, 100% to hit)
You feel a surge of power!
The stone arrow hits the stone giant!
The stone giant is almost dead.
The stone giant hits you!!
You die...

#...##..≈ #8.8# .
##.## #.#
#'######## ####
#........##
##(..##########..#
#?..C.#☼#°#○#☼##.#
#@#☼#≈#○#☼##.#
#.#☼#≈#≈#≈#..#
##○........#8#
#○#≈#≈#≈#≈###
#○#☼#≈#☼#≈#
#○#☼#○#☼#≈#
###########


You could see a stone giant.

Vanquished Creatures
  An obsidian statue (Volcano)
  2 black mambas
  8 cane toads
  3 rime drakes
  7 komodo dragons
  Psyche (D:9)
  An efreet (Volcano)
  2 trolls (D:9)
  5 blink frogs (Lair:1)
  A wyvern (Lair:1)
  A shadow (D:9)
  A wraith (D:9)
  A fire elemental (Volcano)
  5 fire bats (Volcano)
  29 yaks
  A basilisk (Lair:1)
  A steam dragon (Lair:1)
  An acid dragon (D:8)
  7 water moccasins
  5 orc warriors
  An ice beast (D:8)
  4 ogres
  3 black bears
  3 centaurs
  3 phantoms (D:4)
  10 wolves
  2 kobold brigands (D:9)
  5 gnoll sergeants (D:9)
  12 bullfrogs
  An earth elemental (Volcano)
  3 scorpions
  8 wights (D:8)
  6 killer bees
  An electric eel (D:9)
  7 lava snakes (Volcano)
  4 hounds
  2 jellies
  A quasit (D:8)
  An orc priest (D:8)
  8 iguanas
  A sleepcap (D:7)
  4 orc wizards
  A scorpion zombie (D:4)
  2 hound zombies (D:4)
  2 hound skeletons (D:4)
  13 gnolls
  6 adders
  A shadow imp (D:5)
  3 white imps (D:8)
  6 ufetubi
  2 adder skeletons (D:4)
  2 adder zombies (D:4)
  A worm (D:3)
  A dart slug (D:2)
  13 orcs
  7 endoplasms
  3 giant cockroaches
  6 goblins
  8 hobgoblins
  4 quokkas
  6 ball pythons
  12 bats
  3 frilled lizards
  8 kobolds
  5 rats
288 creatures vanquished.

Notes
Turn   | Place    | Note
-------+----------+-------------------------------------------
     0 | D:1      | Mahakala the Draconian Earth Elementalist began the quest
                  | for the Orb.
     0 | D:1      | Reached XP level 1. HP: 14/14 MP: 3/3
   416 | D:1      | Reached skill level 1 in Fighting
   457 | D:1      | Reached XP level 2. HP: 23/23 MP: 3/5
  1115 | D:2      | Reached XP level 3. HP: 17/29 MP: 0/6
  1284 | D:2      | Reached skill level 4 in Earth Magic
  1487 | D:2      | Learned a level 2 spell: Passwall
  1491 | D:2      | Learned a level 3 spell: Stone Arrow
  1890 | D:3      | Found a glowing drain.
  1940 | Sewer    | Entered a sewer
  1949 | Sewer    | Reached XP level 4. HP: 36/36 MP: 2/7
  2008 | Sewer    | Noticed a water moccasin
  2011 | Sewer    | Killed a water moccasin
  2012 | Sewer    | Reached skill level 5 in Earth Magic
  2012 | Sewer    | Reached XP level 5. HP: 41/41 MP: 4/8
  2303 | D:3      | Identified the +9 sling of Doom {drain, rElec rCorr Str-2
                  | Dex+5}
  2421 | D:4      | Noticed a phantom
  2429 | D:4      | Reached skill level 1 in Staves
  2647 | D:3      | Reached XP level 6. HP: 48/48 MP: 6/9
  3159 | D:4      | Found Syeki's General Store.
  3192 | D:4      | Bought 6 poisoned darts for 36 gold pieces
  3314 | D:4      | Your scales start taking on a dull iron-grey colour.
  3314 | D:4      | Reached skill level 6 in Earth Magic
  3314 | D:4      | Reached XP level 7. HP: 49/55 MP: 3/11
  3376 | D:4      | Reached skill level 7 in Earth Magic
  3536 | D:4      | Found a broken altar of Ashenzari.
  3684 | D:5      | Entered Level 5 of the Dungeon
  4074 | D:5      | Reached skill level 8 in Earth Magic
  4486 | D:5      | Noticed Duvessa
  4486 | D:5      | Noticed Dowan
  4686 | D:6      | Reached XP level 8. HP: 66/66 MP: 10/12
  4791 | D:6      | Learned a level 5 spell: Lee's Rapid Deconstruction
  5029 | D:6      | Found a staircase to the Ecumenical Temple.
  5038 | Temple   | Entered the Ecumenical Temple
  5191 | Temple   | Became a worshipper of Vehumet
  5482 | D:7      | Found Ziyhoode's Jewellery Shop.
  5553 | D:7      | Reached skill level 5 in Fighting
  5568 | D:7      | Reached skill level 5 in Staves
  5664 | D:7      | Reached skill level 1 in Evocations
  5784 | D:7      | Identified the +6 whip "ETAOIN SHRDLU" {freeze, *Slow rElec
                  | rN++ Will+}
  6168 | D:8      | Found Zabitis's Armour Shoppe.
  6280 | D:8      | Reached XP level 9. HP: 74/74 MP: 4/14
  6506 | D:8      | Found a sparkling altar of Nemelex Xobeh.
  6523 | D:8      | Identified the +3 pair of boots of Xiyrayl {rElec rC+ SInv}
  6537 | D:8      | Reached skill level 9 in Earth Magic
  6588 | D:8      | Reached skill level 5 in Spellcasting
  6622 | D:8      | Reached * piety under Vehumet
  6622 | D:8      | Offered knowledge of Kiss of Death by Vehumet.
  6712 | D:8      | Found a runed translucent door.
  6718 | D:8      | Found the +8 whip "Snakebite" {venom, curare, rPois}
  7000 | D:9      | Noticed Psyche
  7000 | D:9      | Noticed a troll
  7229 | D:9      | Found a staircase to the Orcish Mines.
  7229 | D:9      | Noticed a troll
  7272 | D:9      | Reached skill level 10 in Earth Magic
  7554 | D:9      | Reached XP level 10. HP: 72/81 MP: 15/19
  7629 | D:9      | Killed Psyche
  8004 | D:9      | Found a staircase to the Lair.
  8048 | D:9      | Noticed a two-headed ogre
  8064 | D:9      | Reached skill level 11 in Earth Magic
  8723 | D:9      | Learned a level 4 spell: Petrify
  8806 | Lair:1   | Entered Level 1 of the Lair of Beasts
  8811 | Lair:1   | Reached ** piety under Vehumet
  8907 | Lair:1   | Offered knowledge of Magic Dart by Vehumet.
  8910 | Lair:1   | Noticed a cane toad
  8913 | Lair:1   | Killed a cane toad
  8915 | Lair:1   | Reached skill level 12 in Earth Magic
  8915 | Lair:1   | Reached XP level 11. HP: 30/86 MP: 18/21
  9212 | D:9      | Reached skill level 5 in Dodging
  9665 | Lair:1   | Offered knowledge of Dazzling Flash by Vehumet.
 10386 | Lair:2   | Reached skill level 5 in Conjurations
 10804 | Lair:2   | Reached *** piety under Vehumet
 11283 | Lair:2   | Reached XP level 12. HP: 101/101 MP: 11/24
 11674 | Lair:2   | Offered knowledge of Ignite Poison by Vehumet.
 11681 | Lair:2   | Learned a level 5 spell: Irradiate
 12122 | Lair:3   | Found a dark tunnel.
 12144 | Volcano  | Entered a volcano
 12172 | Volcano  | Reached skill level 5 in Transmutations
 12336 | Volcano  | Noticed a stone giant
 12344 | Volcano  | Slain by a stone giant

Illustrated notes

Levels and vault maps discovered:
D:1:      saegor_arrival_simple_e, layout_basic
D:2:      layout_loops_ring, minmay_pentomino_q2
D:3:      layout_basic, cheibrodos_sewer_entry_sluice, st_stairs_4
D:4:      layout_basic, marbit_many_paths, serial_undead, serial_undead_c,
          serial_undead_b, serial_undead_e, serial_undead_e, serial_undead_c,
          serial_shops, nicolae_shop_stone, kennysheep_generic_room_2
D:5:      layout_gridville, uniq_duvessa
D:6:      layout_loops_cross, minmay_temple_entry_statues_fountains
D:7:      layout_basic, serial_shops, nicolae_shop_waterfront,
          hangedman_decor_riveting
D:8:      gammafunk_indiana_jones, layout_cave_pools,
          nicolae_overflow_hidden_temple, serial_shops, shop, serial_demonic,
          serial_demonic_a, serial_demonic_b, serial_demonic_e, serial_demonic_a
D:9:      layout_long_grid, grunt_lair_entry_orc_guard_hut,
          kennysheep_orc_monster_closet_entryway,
          chequers_serial_rivers_micro_b, amcnicky_mini_pool_medium, uniq_psyche
Temple:   nicolae_temple_slightly_damp_pantheon
Lair:1:   beast_lair_carwin_large_1, layout_chaotic_city,
          infiniplex_staircase_pool
Lair:2:   layout_roguey, beast_lair_carwin_5
Lair:3:   layout_roguey, minmay_shoals_entry_lonely_mermaid,
          nicolae_spider_entry_non_spiders, nicolae_volcano_entry_lava_flow,
          st_stairs_8
Volcano:  volcano_grotto [vgs_trial_by_fire]

Skill      XL: |  1  2  3  4  5  6  7  8  9 10 11 12 |
---------------+-------------------------------------+-----
Fighting       | 1 2 4 5 8 |  8.0
Earth Magic    | 4 5 6 8 10 12 | 12.0
Stealth        | 2 4 |  4.0
Dodging        | 2 4 6 |  6.0
Conjurations   | 2 3 5 |  5.0
Staves         | 2 3 5 6 7 9 |  9.8
Spellcasting   | 3 6 7 8 |  8.0
Evocations     | 2 4 |  4.0
Transmutations | 3 4 5 |  5.7

Action                     |  1- 3 |  4- 6 |  7- 9 | 10-12 || total
---------------------------+-------+-------+-------+-------++-------
  Melee: Unarmed           |     3 |       |       |       ||     3
         Dagger            |    13 |       |       |       ||    13
         Tailslap          |     2 |       |     4 |    12 ||    18
         Staff             |       |     3 |    33 |    79 ||   115
         Punch             |       |       |       |     2 ||     2
   Cast: Sandblast         |    56 |    68 |   121 |   154 ||   399
         Stone Arrow       |       |       |    16 |    39 ||    55
         Passwall          |       |       |     1 |       ||     1
         Lee's Rapid Decon |       |       |     4 |    39 ||    43
    Use: Scroll            |       |       |     9 |     8 ||    17
         Potion            |       |       |       |     2 ||     2
   Stab: Sleeping          |     1 |       |       |       ||     1
 Armour: Skin              |    15 |    12 |    40 |   100 ||   167
  Dodge: Dodged            |    25 |    30 |    59 |   123 ||   237
